 Dungeon Crawl Stone Soup version 0.27-a0-1186-g8b4daa1eef (webtiles) character file.

Game seed: 17168527340879483853

10 st0uf the Twirler (level 2, -3/25 HPs)
             Began as a Draconian Gladiator on May 19, 2021.
             Slain by a gnoll
             ... wielding a +0 spear
              (7 damage)
             ... on level 1 of the Dungeon.
             The game lasted 00:01:03 (445 turns).

st0uf the Twirler (Draconian Gladiator)              Turns: 445, Time: 00:01:04

Health: -3/25      AC:  4    Str: 16    XL:     2   Next: 10%
Magic:  2/2        EV: 12    Int:  8    God:
Gold:   9          SH:  0    Dex: 12    Spells: 1/1 levels left

rFire    . . .     SeeInvis .   a - +0 quarterstaff
rCold    . . .     Faith    .   (shield currently unavailable)
rNeg     . . .     Spirit   .   (armour unavailable)
rPois    .         Reflect  .   b - +0 hat
rElec    .         Harm     .   (no cloak)
rCorr    .         Rampage  .   (no gloves)
Will     .....                  (no boots)
Stlth    +.........             (no amulet)
HPRegen  0.08/turn              (no ring)
MPRegen  0.08/turn              (no ring)

@: no status effects
A: AC +4, unfitting armour, cold-blooded
a: no special abilities


You were on level 1 of the Dungeon.
You visited 1 branch of the dungeon, and saw 2 of its levels.

You collected 9 gold pieces.

Inventory:

Hand Weapons
 a - a +0 quarterstaff (weapon)
Missiles
 c - 3 throwing nets (quivered)
Armour
 b - a +0 hat (worn)
Potions
 d - a potion of magic {unknown}


   Skills:
 + Level 2.5 Fighting
 + Level 3.2 Staves
 - Level 1.7 Throwing
 + Level 2.9 Dodging


You had one spell level left.
You didn't know any spells.
Your spell library was empty.

Dungeon Overview and Level Annotations

Branches:
Dungeon (2/15)

Altars:

Annotations:
D:2 Sigmund


Innate Abilities, Weirdness & Mutations

Your plain brown scales are hard. (AC +4)
You cannot fit into any form of body armour.
You are cold-blooded and may be slowed by cold attacks.


Message History

The gnoll shouts!
You hit the kobold.
You kill the kobold!
The bat closely misses you. The bat barely misses you.
The bat barely misses you. The bat closely misses you.
The bat closely misses you. The bat barely misses you.
You barely miss the bat.
Your tail-slap misses the bat.
The bat barely misses you. The bat hits you.
The bat hits you but does no damage.
You hit the bat.
The bat is moderately wounded.
The bat closely misses you. The bat hits you but does no damage.
You closely miss the bat. The bat hits you but does no damage.
The bat hits you but does no damage.
You closely miss the bat. The bat hits you but does no damage. x2
You barely miss the bat. The bat barely misses you. The gnoll misses you.
The bat hits you but does no damage.
You miss the bat. The bat barely misses you. The gnoll barely misses you.
You closely miss the bat.
Your tail-slap misses the bat.
The bat hits you. The bat misses you.
The gnoll hits you from afar with a +0 spear.
The bat barely misses you.
The gnoll hits you from afar with a +0 spear.
You barely miss the bat.
Your tail-slap misses the bat.
The bat hits you. The bat barely misses you. The gnoll misses you.
You completely miss the bat. The bat barely misses you.
The bat closely misses you. The gnoll misses you.
You hit the bat but do no damage. The bat hits you but does no damage.
The gnoll closely misses you.
You hit the bat.
You kill the bat!
The gnoll hits you from afar with a +0 spear.
* * * LOW HITPOINT WARNING * * *
The gnoll closely misses you.
You see here a bat corpse.
You closely miss the gnoll.
Your tail-slap misses the gnoll.
The gnoll hits you with a +0 spear!
You die...

#......#
#...####
#...#
#...#########
#...........#
#....######.#
#....# #.#
.#.... ######
#.# .#.... #
#@# ...... #
#g# ...$. #
#r# ... #
##.##.# #
#.....# #
#.....# #
#...).......
#
#....r..#...
# #.......# .


You could see a gnoll and a rat.

Vanquished Creatures
  3 ball pythons (D:1)
  2 bats (D:1)
  An endoplasm (D:1)
  A hobgoblin (D:1)
  2 kobolds (D:1)
9 creatures vanquished.

Notes
Turn   | Place    | Note
-------+----------+-------------------------------------------
     0 | D:1      | st0uf the Draconian Gladiator began the quest for the Orb.
     0 | D:1      | Reached XP level 1. HP: 17/17 MP: 1/1
   103 | D:1      | You fall into a shaft and drop 1 floor!
   104 | D:2      | Noticed Sigmund
   404 | D:1      | Reached XP level 2. HP: 25/25 MP: 2/2
   445 | D:1      | Slain by a gnoll

Illustrated notes

Levels and vault maps discovered:
D:1:      elethiomel_arrival_shortcut, layout_basic
D:2:      wander_river, layout_rooms, serial_rivers,
          chequers_serial_rivers_micro_d, chequers_serial_rivers_room_b,
          chequers_serial_rivers_micro_a, chequers_serial_rivers_marsh,
          chequers_serial_rivers_micro_a, uniq_sigmund

Action                   || total
-------------------------++-------
Melee: Quarterstaff      ||    39
       Tailslap          ||     2
Armor: Skin              ||    22
Dodge: Dodged            ||    42

Table legend: (Time is in decaauts)
 A = Elapsed time spent in this place.
 B = Non-inter-level travel time spent in this place.
 C = Inter-level travel time spent in this place.
 D = Time resting spent in this place.
 E = Time spent auto-exploring this place.
 F = Levels seen in this place.
 G = Mean time per level.
                   A        B        C        D        E       F      G
               +--------+--------+--------+--------+--------+-----+--------+
         Total |    454 |    454 |      0 |    185 |    174 |   2 |  227.0 |
       Dungeon |    454 |    454 |      0 |    185 |    174 |   2 |  227.0 |
               +--------+--------+--------+--------+--------+-----+--------+

Top non-repeatable levels by time:
     D:1: 449 daAuts
     D:2: 4 daAuts
